2956 views
Uploaded 2019-12-29 22:13:53
Game version 1.32.0.4
28:21 long 3on3 ladder game on (6)Monsoon_LV
Saved by BEARAND
2956 views
Uploaded 2019-12-29 22:13:53
Game version 1.32.0.4
28:21 long 3on3 ladder game on (6)Monsoon_LV


77 units @ 6.3k
/ 0.1k
344 buildings @ 18.7k
/ 10.8k



| Staff of Sanctuary | 3 | 750 |
| Lesser Clarity Potion | 3 | 210 |
| Scroll of Town Portal | 1 | 350 |
| Periapt of Vitality | 2 | 650 |
| Staff of Teleportation | 3 | 450 |
| Boots of Speed | 3 | 750 |
| Healing Salve | 1 | 100 |
| Orb of Lightning | 2 | 750 |
| total: | 18 | 4010g |
| Peasant | 27 | 2025 | / | 0 |
| Priest | 1 | 135 | / | 10 |
| total: | 28 | 2160g | / | 10w |
| Scout Tower | 176 | 5280 | / | 3520 |
| Arcane Tower | 5 | 350 | / | 250 |
| Guard Tower | 32 | 2240 | / | 1600 |
| Altar of Kings | 1 | 180 | / | 50 |
| Farm | 4 | 320 | / | 80 |
| Lumber Mill | 1 | 120 | / | 0 |
| Town Hall | 4 | 1540 | / | 820 |
| Arcane Vault | 4 | 520 | / | 120 |
| Arcane Sanctum | 1 | 150 | / | 140 |
| Keep | 1 | 320 | / | 210 |
| Castle | 1 | 360 | / | 210 |
| total: | 191 | 8110g | / | 4730w |
| 0:03 | Peasant |
| 0:03 | Peasant |
| 0:05 | Altar of Kings |
| 0:14 | Peasant |
| 0:19 | Farm |
| 0:24 | Peasant |
| 0:35 | Peasant |
| 0:51 | Lumber Mill |
| 1:15 | Farm |
| 1:18 | Scout Tower |
| 1:20 | Peasant |
| 1:32 | Peasant |
| 1:42 | Peasant |
| 1:45 | Arcane Tower |
| 1:52 | Scout Tower |
| 1:55 | Peasant |
| 1:58 | Peasant |
| 2:07 | Blizzard |
| 2:20 | Guard Tower |
| 2:22 | Scout Tower |
| 2:22 | Peasant |
| 2:23 | Peasant |
| 2:35 | Peasant |
| 2:35 | Peasant |
| 2:49 | Guard Tower |
| 2:50 | Scout Tower |
| 2:59 | Scout Tower |
| 3:00 | Scout Tower |
| 3:20 | Guard Tower |
| 3:25 | Periapt of Vitality |
| 3:30 | Scout Tower |
| 3:32 | Guard Tower |
| 3:33 | Arcane Tower |
| 4:10 | Guard Tower |
| 4:12 | Scout Tower |
| 4:14 | Scout Tower |
| 4:34 | Brilliance Aura |
| 4:49 | Guard Tower |
| 4:54 | Town Hall |
| 5:18 | Staff of Teleportation |
| 5:18 | Boots of Speed |
| 5:56 | Peasant |
| 5:56 | Peasant |
| 6:16 | Scout Tower |
| 6:18 | Scout Tower |
| 6:23 | Peasant |
| 6:23 | Peasant |
| 6:27 | Healing Salve |
| 6:39 | Keep |
| 6:41 | Peasant |
| 6:41 | Peasant |
| 6:45 | Improved Masonry |
| 6:54 | Arcane Vault |
| 6:57 | Arcane Vault |
| 7:00 | Arcane Vault |
| 7:16 | Arcane Vault |
| 7:34 | Peasant |
| 7:34 | Peasant |
| 7:34 | Peasant |
| 8:05 | Blizzard |
| 8:07 | Guard Tower |
| 8:09 | Scout Tower |
| 8:09 | Scout Tower |
| 8:10 | Scout Tower |
| 8:10 | Scout Tower |
| 8:11 | Scout Tower |
| 8:11 | Scout Tower |
| 8:21 | Scout Tower |
| 8:22 | Scout Tower |
| 8:23 | Scout Tower |
| 8:23 | Scout Tower |
| 8:29 | Farm |
| 8:29 | Farm |
| 8:32 | Scout Tower |
| 8:32 | Scout Tower |
| 8:51 | Arcane Tower |
| 8:59 | Arcane Tower |
| 9:01 | Guard Tower |
| 9:30 | Guard Tower |
| 9:32 | Scout Tower |
| 9:33 | Scout Tower |
| 9:35 | Castle |
| 9:40 | Improved Lumber Harvesting |
| 9:42 | Peasant |
| 9:42 | Peasant |
| 10:30 | Arcane Sanctum |
| 10:36 | Arcane Tower |
| 10:40 | Guard Tower |
| 10:44 | Guard Tower |
| 10:55 | Storm Bolt |
| 10:58 | Guard Tower |
| 11:24 | Staff of Teleportation |
| 11:24 | Boots of Speed |
| 12:06 | Scroll of Town Portal |
| 12:30 | Magic Sentry |
| 12:31 | Advanced Masonry |
| 12:32 | Advanced Lumber Harvesting |
| 12:39 | Scout Tower |
| 12:40 | Scout Tower |
| 12:41 | Scout Tower |
| 12:42 | Scout Tower |
| 12:45 | Scout Tower |
| 12:46 | Scout Tower |
| 12:46 | Scout Tower |
| 12:47 | Scout Tower |
| 12:47 | Scout Tower |
| 12:48 | Scout Tower |
| 12:48 | Scout Tower |
| 12:48 | Scout Tower |
| 12:49 | Scout Tower |
| 12:49 | Scout Tower |
| 12:51 | Peasant |
| 12:51 | Peasant |
| 12:58 | Staff of Sanctuary |
| 13:20 | Guard Tower |
| 13:25 | Priest |
| 13:25 | Priest Adept Training |
| 13:41 | Lesser Clarity Potion |
| 13:46 | Guard Tower |
| 13:51 | Scout Tower |
| 13:52 | Scout Tower |
| 13:53 | Scout Tower |
| 13:54 | Scout Tower |
| 13:55 | Scout Tower |
| 13:55 | Scout Tower |
| 13:56 | Scout Tower |
| 13:57 | Scout Tower |
| 13:57 | Scout Tower |
| 13:58 | Scout Tower |
| 14:03 | Guard Tower |
| 14:10 | Staff of Sanctuary |
| 14:25 | Guard Tower |
| 14:28 | Scout Tower |
| 14:29 | Scout Tower |
| 14:30 | Scout Tower |
| 14:30 | Scout Tower |
| 14:31 | Scout Tower |
| 14:31 | Scout Tower |
| 14:57 | Orb of Lightning |
| 15:06 | Staff of Sanctuary |
| 15:08 | Holy Light |
| 15:09 | Guard Tower |
| 15:14 | Scout Tower |
| 15:15 | Scout Tower |
| 15:15 | Scout Tower |
| 15:16 | Scout Tower |
| 15:17 | Scout Tower |
| 15:17 | Scout Tower |
| 17:07 | Guard Tower |
| 17:12 | Guard Tower |
| 17:26 | Brilliance Aura |
| 17:51 | Orb of Lightning |
| 17:53 | Lesser Clarity Potion |
| 17:53 | Lesser Clarity Potion |
| 18:05 | Scout Tower |
| 18:08 | Scout Tower |
| 18:09 | Scout Tower |
| 18:42 | Bash |
| 19:29 | Scout Tower |
| 19:30 | Scout Tower |
| 19:32 | Scout Tower |
| 19:32 | Scout Tower |
| 19:33 | Scout Tower |
| 19:34 | Scout Tower |
| 19:35 | Scout Tower |
| 19:38 | Scout Tower |
| 19:38 | Scout Tower |
| 19:39 | Scout Tower |
| 19:39 | Scout Tower |
| 19:40 | Scout Tower |
| 19:40 | Scout Tower |
| 19:41 | Scout Tower |
| 19:56 | Priest Master Training |
| 19:57 | Imbued Masonry |
| 19:58 | Guard Tower |
| 20:11 | Guard Tower |
| 20:22 | Staff of Teleportation |
| 20:22 | Boots of Speed |
| 20:23 | Periapt of Vitality |
| 20:25 | Divine Shield |
| 20:42 | Guard Tower |
| 21:18 | Town Hall |
| 21:27 | Town Hall |
| 21:33 | Scout Tower |
| 21:33 | Scout Tower |
| 21:35 | Scout Tower |
| 21:36 | Scout Tower |
| 21:37 | Scout Tower |
| 21:39 | Scout Tower |
| 21:40 | Scout Tower |
| 21:40 | Scout Tower |
| 21:41 | Scout Tower |
| 21:53 | Guard Tower |
| 22:17 | Guard Tower |
| 22:22 | Scout Tower |
| 22:22 | Scout Tower |
| 22:23 | Scout Tower |
| 22:24 | Scout Tower |
| 22:24 | Scout Tower |
| 22:25 | Scout Tower |
| 22:25 | Scout Tower |
| 22:26 | Scout Tower |
| 22:26 | Scout Tower |
| 22:27 | Scout Tower |
| 22:27 | Scout Tower |
| 22:28 | Scout Tower |
| 22:28 | Scout Tower |
| 22:47 | Scout Tower |
| 22:48 | Scout Tower |
| 22:48 | Scout Tower |
| 22:49 | Scout Tower |
| 22:50 | Scout Tower |
| 22:50 | Scout Tower |
| 22:51 | Scout Tower |
| 22:51 | Scout Tower |
| 22:53 | Scout Tower |
| 22:53 | Scout Tower |
| 22:54 | Scout Tower |
| 22:55 | Scout Tower |
| 22:56 | Scout Tower |
| 22:56 | Scout Tower |
| 22:57 | Scout Tower |
| 23:05 | Guard Tower |
| 23:37 | Storm Bolt |
| 24:25 | Guard Tower |
| 24:27 | Guard Tower |
| 25:36 | Guard Tower |
| 25:37 | Guard Tower |
| 25:55 | Blizzard |
| 26:12 | Holy Light |
| 26:20 | Guard Tower |
| 26:22 | Scout Tower |
| 26:23 | Scout Tower |
| 26:23 | Scout Tower |
| 26:24 | Scout Tower |
| 26:25 | Scout Tower |
| 26:55 | Guard Tower |
| 26:56 | Scout Tower |
| 26:57 | Scout Tower |
| 26:57 | Scout Tower |
| 26:58 | Scout Tower |
| 26:59 | Scout Tower |
| 26:59 | Scout Tower |
| 27:00 | Scout Tower |
| 27:00 | Scout Tower |
| 27:01 | Scout Tower |
| 27:01 | Scout Tower |
| 27:06 | Scout Tower |
| 27:06 | Scout Tower |
| 27:07 | Scout Tower |
| 27:08 | Scout Tower |
| 27:08 | Scout Tower |
| 27:09 | Scout Tower |
| 27:33 | Guard Tower |
| 27:35 | Scout Tower |
| 27:36 | Scout Tower |
| 27:37 | Scout Tower |
| 27:37 | Scout Tower |
| 27:38 | Scout Tower |
| 27:40 | Scout Tower |
| 27:40 | Scout Tower |
| 27:41 | Scout Tower |
| 27:55 | Town Hall |
| 28:05 | Scout Tower |
| 28:05 | Scout Tower |
| 28:06 | Scout Tower |
| 28:06 | Scout Tower |
| 28:07 | Scout Tower |
| 28:08 | Scout Tower |
| 28:08 | Scout Tower |
| 28:09 | Scout Tower |
| 28:10 | Scout Tower |
| 28:10 | Scout Tower |
| 28:11 | Scout Tower |
| 28:11 | Scout Tower |
| 28:12 | Scout Tower |
| 28:12 | Scout Tower |
| 28:13 | Scout Tower |
| 28:14 | Scout Tower |
| 28:14 | Scout Tower |
| 28:15 | Scout Tower |
| 28:15 | Scout Tower |
| 28:16 | Scout Tower |
| 28:17 | Scout Tower |
| 28:17 | Scout Tower |
| 28:18 | Scout Tower |
| 28:18 | Scout Tower |
| 28:19 | Scout Tower |
| 28:20 | Scout Tower |
| 28:20 | Scout Tower |
| 28:20 | Scout Tower |
| 28:21 | Scout Tower |
| 28:22 | Scout Tower |
| 28:23 | Scout Tower |
| 28:24 | Scout Tower |
| Right click | 1751 |
| Select group | 1112 |
| Build/train/purchase | 347 |
| Select | 296 |
| Use ability | 118 |
| Misc. action | 38 |
| Item give/drop | 15 |
| Minimap ping | 13 |
| Assign group | 12 |
| Esc | 1 |
IcebergSlim
(28:23) : 

| Healing Salve | 2 | 200 |
| Orb of Lightning | 2 | 750 |
| Scroll of Town Portal | 1 | 350 |
| Boots of Speed | 2 | 500 |
| Staff of Teleportation | 1 | 150 |
| Staff of Sanctuary | 2 | 500 |
| total: | 10 | 2450g |
| Peon | 26 | 1950 | / | 0 |
| Demolisher | 2 | 440 | / | 100 |
| total: | 28 | 2390g | / | 100w |
| Watch Tower | 35 | 3850 | / | 2800 |
| Altar of Storms | 1 | 180 | / | 50 |
| Orc Burrow | 3 | 480 | / | 120 |
| War Mill | 1 | 205 | / | 0 |
| Voodoo Lounge | 3 | 390 | / | 90 |
| Great Hall | 1 | 385 | / | 185 |
| Barracks | 2 | 360 | / | 100 |
| Beastiary | 2 | 290 | / | 280 |
| Stronghold | 1 | 315 | / | 190 |
| Fortress | 1 | 325 | / | 190 |
| total: | 48 | 6140g | / | 3625w |
| 0:05 | Peon |
| 0:05 | Peon |
| 0:09 | Altar of Storms |
| 0:21 | Orc Burrow |
| 0:33 | Peon |
| 0:39 | War Mill |
| 0:47 | Peon |
| 0:56 | Peon |
| 1:12 | Voodoo Lounge |
| 1:19 | Peon |
| 1:29 | Peon |
| 1:52 | Watch Tower |
| 1:55 | Peon |
| 2:05 | Orc Burrow |
| 2:09 | Peon |
| 2:15 | Shockwave |
| 2:21 | Healing Salve |
| 2:30 | Watch Tower |
| 2:42 | Peon |
| 2:54 | Watch Tower |
| 2:57 | Peon |
| 3:32 | Watch Tower |
| 3:47 | Peon |
| 3:47 | Peon |
| 3:58 | Watch Tower |
| 4:32 | Endurance Aura |
| 4:38 | Stronghold |
| 4:43 | Watch Tower |
| 4:48 | Great Hall |
| 5:03 | Watch Tower |
| 5:13 | Watch Tower |
| 5:40 | Watch Tower |
| 6:10 | Voodoo Lounge |
| 6:17 | Watch Tower |
| 6:24 | Watch Tower |
| 6:39 | Boots of Speed |
| 6:53 | Watch Tower |
| 7:01 | Peon |
| 7:02 | Peon |
| 7:28 | Peon |
| 7:28 | Peon |
| 7:28 | Peon |
| 7:28 | Peon |
| 7:52 | Watch Tower |
| 7:53 | Watch Tower |
| 8:02 | Watch Tower |
| 8:14 | Reinforced Defenses |
| 9:04 | Voodoo Lounge |
| 9:13 | Watch Tower |
| 9:16 | Watch Tower |
| 9:38 | Watch Tower |
| 10:09 | Boots of Speed |
| 10:10 | Staff of Teleportation |
| 10:20 | Hex |
| 10:48 | Watch Tower |
| 10:50 | Watch Tower |
| 10:52 | Watch Tower |
| 11:59 | Watch Tower |
| 12:29 | Beastiary |
| 12:32 | Beastiary |
| 12:34 | Barracks |
| 12:35 | Barracks |
| 12:36 | Fortress |
| 12:48 | Scroll of Town Portal |
| 12:58 | Healing Salve |
| 13:02 | Shockwave |
| 13:06 | Watch Tower |
| 13:17 | Watch Tower |
| 13:28 | Watch Tower |
| 13:35 | Orc Burrow |
| 14:13 | Watch Tower |
| 14:16 | Demolisher |
| 14:43 | Healing Wave |
| 14:47 | Watch Tower |
| 14:49 | Watch Tower |
| 15:02 | Burning Oil |
| 15:12 | Peon |
| 15:12 | Peon |
| 15:43 | Demolisher |
| 15:48 | Orb of Lightning |
| 16:28 | Watch Tower |
| 16:43 | Steel Ranged Weapons |
| 16:43 | Steel Armor |
| 16:43 | Spiked Barricades |
| 17:45 | Watch Tower |
| 17:49 | Watch Tower |
| 17:53 | Watch Tower |
| 18:12 | Watch Tower |
| 18:15 | Watch Tower |
| 18:53 | Thorium Ranged Weapons |
| 19:43 | Watch Tower |
| 21:40 | Healing Wave |
| 22:05 | Orb of Lightning |
| 22:08 | Staff of Sanctuary |
| 22:47 | Arcanite Ranged Weapons |
| 22:48 | Improved Spiked Barricades |
| 23:36 | Peon |
| 23:40 | Peon |
| 23:43 | Peon |
| 24:20 | Endurance Aura |
| 25:13 | Staff of Sanctuary |
| 25:45 | Peon |
| 25:45 | Peon |
| 27:44 | Hex |
| Right click | 2820 |
| Select group | 447 |
| Select | 403 |
| Misc. action | 94 |
| Build/train/purchase | 68 |
| Use ability | 64 |
| Chat | 24 |
| Resource trade | 11 |
| Assign group | 7 |
| Item give/drop | 4 |
| Minimap ping | 1 |
BEARAND
(28:24) : 


| Lesser Clarity Potion | 1 | 70 |
| Staff of Sanctuary | 3 | 750 |
| Boots of Speed | 3 | 750 |
| Staff of Teleportation | 3 | 450 |
| Potion of Invisibility | 1 | 100 |
| Periapt of Vitality | 1 | 325 |
| Healing Salve | 4 | 400 |
| Orb of Lightning | 2 | 750 |
| total: | 18 | 3595g |
| Peasant | 18 | 1350 | / | 0 |
| Priest | 2 | 270 | / | 20 |
| Sorceress | 1 | 155 | / | 20 |
| total: | 21 | 1775g | / | 40w |
| Scout Tower | 93 | 2790 | / | 1860 |
| Arcane Tower | 7 | 490 | / | 350 |
| Guard Tower | 31 | 2170 | / | 1550 |
| Altar of Kings | 1 | 180 | / | 50 |
| Farm | 5 | 400 | / | 100 |
| Lumber Mill | 1 | 120 | / | 0 |
| Town Hall | 1 | 385 | / | 205 |
| Arcane Vault | 3 | 390 | / | 90 |
| Arcane Sanctum | 1 | 150 | / | 140 |
| Keep | 1 | 320 | / | 210 |
| Castle | 1 | 360 | / | 210 |
| total: | 105 | 4415g | / | 2445w |
| 0:01 | Peasant |
| 0:01 | Peasant |
| 0:07 | Altar of Kings |
| 0:17 | Farm |
| 0:19 | Peasant |
| 0:26 | Peasant |
| 0:34 | Scout Tower |
| 0:43 | Farm |
| 0:47 | Farm |
| 0:49 | Peasant |
| 0:56 | Peasant |
| 1:04 | Lumber Mill |
| 1:06 | Peasant |
| 1:21 | Peasant |
| 1:24 | Peasant |
| 1:34 | Scout Tower |
| 1:36 | Scout Tower |
| 1:40 | Peasant |
| 1:47 | Peasant |
| 1:51 | Arcane Tower |
| 2:06 | Blizzard |
| 2:13 | Peasant |
| 2:15 | Peasant |
| 2:17 | Guard Tower |
| 2:26 | Guard Tower |
| 2:28 | Scout Tower |
| 2:39 | Scout Tower |
| 2:53 | Scout Tower |
| 2:53 | Scout Tower |
| 2:59 | Guard Tower |
| 3:07 | Guard Tower |
| 3:18 | Peasant |
| 3:20 | Improved Masonry |
| 3:26 | Guard Tower |
| 3:59 | Scout Tower |
| 3:59 | Scout Tower |
| 4:00 | Scout Tower |
| 4:01 | Scout Tower |
| 4:01 | Keep |
| 4:35 | Scout Tower |
| 4:36 | Scout Tower |
| 4:36 | Scout Tower |
| 4:42 | Guard Tower |
| 4:54 | Healing Salve |
| 5:07 | Arcane Tower |
| 5:10 | Guard Tower |
| 5:28 | Boots of Speed |
| 5:28 | Staff of Teleportation |
| 5:32 | Guard Tower |
| 5:36 | Scout Tower |
| 5:36 | Scout Tower |
| 5:37 | Scout Tower |
| 5:37 | Scout Tower |
| 6:04 | Brilliance Aura |
| 6:14 | Farm |
| 6:15 | Farm |
| 6:28 | Town Hall |
| 6:32 | Scout Tower |
| 6:46 | Guard Tower |
| 7:17 | Arcane Tower |
| 7:56 | Peasant |
| 7:56 | Peasant |
| 7:56 | Peasant |
| 7:56 | Peasant |
| 8:07 | Guard Tower |
| 8:14 | Improved Lumber Harvesting |
| 8:22 | Scout Tower |
| 8:23 | Scout Tower |
| 8:34 | Storm Bolt |
| 8:39 | Arcane Sanctum |
| 8:41 | Guard Tower |
| 9:34 | Guard Tower |
| 9:36 | Advanced Masonry |
| 9:45 | Castle |
| 9:54 | Scout Tower |
| 9:55 | Scout Tower |
| 9:58 | Healing Salve |
| 9:58 | Lesser Clarity Potion |
| 10:47 | Guard Tower |
| 10:49 | Scout Tower |
| 10:52 | Boots of Speed |
| 11:11 | Scout Tower |
| 11:12 | Scout Tower |
| 11:22 | Guard Tower |
| 11:23 | Scout Tower |
| 11:24 | Scout Tower |
| 11:25 | Scout Tower |
| 11:45 | Bash |
| 12:04 | Blizzard |
| 12:14 | Potion of Invisibility |
| 12:27 | Magic Sentry |
| 12:27 | Priest |
| 12:39 | Healing Salve |
| 12:45 | Guard Tower |
| 12:47 | Scout Tower |
| 12:48 | Scout Tower |
| 12:50 | Scout Tower |
| 12:50 | Scout Tower |
| 12:51 | Scout Tower |
| 12:54 | Arcane Tower |
| 12:54 | Guard Tower |
| 13:26 | Sorceress |
| 13:26 | Sorceress Adept Training |
| 13:27 | Priest Adept Training |
| 13:28 | Priest |
| 13:38 | Arcane Vault |
| 13:40 | Arcane Vault |
| 13:44 | Holy Light |
| 14:09 | Guard Tower |
| 14:28 | Boots of Speed |
| 14:28 | Staff of Teleportation |
| 14:28 | Periapt of Vitality |
| 14:55 | Healing Salve |
| 14:57 | Staff of Sanctuary |
| 15:05 | Guard Tower |
| 15:09 | Scout Tower |
| 15:10 | Scout Tower |
| 15:11 | Scout Tower |
| 15:11 | Scout Tower |
| 15:12 | Scout Tower |
| 15:12 | Scout Tower |
| 15:35 | Arcane Vault |
| 15:37 | Staff of Teleportation |
| 15:51 | Guard Tower |
| 18:10 | Guard Tower |
| 18:18 | Scout Tower |
| 18:18 | Scout Tower |
| 18:19 | Scout Tower |
| 18:19 | Scout Tower |
| 18:20 | Scout Tower |
| 18:20 | Scout Tower |
| 18:21 | Scout Tower |
| 18:39 | Orb of Lightning |
| 18:43 | Staff of Sanctuary |
| 18:53 | Scout Tower |
| 18:53 | Scout Tower |
| 18:54 | Scout Tower |
| 18:55 | Scout Tower |
| 18:55 | Scout Tower |
| 18:56 | Scout Tower |
| 18:57 | Scout Tower |
| 18:58 | Scout Tower |
| 18:59 | Scout Tower |
| 18:59 | Scout Tower |
| 19:05 | Imbued Masonry |
| 19:06 | Advanced Lumber Harvesting |
| 19:10 | Scout Tower |
| 19:11 | Scout Tower |
| 19:11 | Scout Tower |
| 19:12 | Scout Tower |
| 19:12 | Scout Tower |
| 20:03 | Guard Tower |
| 20:19 | Guard Tower |
| 20:35 | Guard Tower |
| 20:44 | Orb of Lightning |
| 20:46 | Staff of Sanctuary |
| 21:06 | Storm Bolt |
| 21:48 | Guard Tower |
| 21:49 | Scout Tower |
| 21:50 | Scout Tower |
| 21:50 | Scout Tower |
| 21:51 | Scout Tower |
| 21:51 | Scout Tower |
| 21:53 | Scout Tower |
| 21:53 | Scout Tower |
| 21:53 | Scout Tower |
| 21:54 | Scout Tower |
| 22:19 | Arcane Tower |
| 22:20 | Guard Tower |
| 22:22 | Scout Tower |
| 22:23 | Scout Tower |
| 22:23 | Scout Tower |
| 22:24 | Scout Tower |
| 22:24 | Scout Tower |
| 22:25 | Scout Tower |
| 22:25 | Scout Tower |
| 22:25 | Scout Tower |
| 22:26 | Scout Tower |
| 22:26 | Scout Tower |
| 22:43 | Guard Tower |
| 22:57 | Arcane Tower |
| 23:10 | Scout Tower |
| 23:11 | Scout Tower |
| 23:25 | Divine Shield |
| 23:26 | Brilliance Aura |
| 23:46 | Guard Tower |
| 23:57 | Scout Tower |
| 23:58 | Scout Tower |
| 25:01 | Guard Tower |
| 25:35 | Guard Tower |
| 25:36 | Scout Tower |
| 25:37 | Scout Tower |
| 26:22 | Holy Light |
| 27:03 | Guard Tower |
| 27:04 | Scout Tower |
| 27:05 | Scout Tower |
| 27:05 | Scout Tower |
| 27:06 | Scout Tower |
| 27:06 | Scout Tower |
| 27:07 | Scout Tower |
| 28:11 | Brilliance Aura |
| 28:12 | Bash |
| Right click | 2625 |
| Select | 743 |
| Select group | 400 |
| Build/train/purchase | 294 |
| Chat | 183 |
| Use ability | 107 |
| Item give/drop | 17 |
| Assign group | 13 |
| Misc. action | 9 |
| Resource trade | 7 |
| Minimap ping | 6 |
143 units @ 24.9k
/ 3.7k
51 buildings @ 9.1k
/ 3.4k

| Healing Salve | 2 | 200 |
| Dust of Appearance | 1 | 75 |
| total: | 3 | 275g |
| Peon | 9 | 675 | / | 0 |
| Grunt | 11 | 2200 | / | 0 |
| Raider | 6 | 1080 | / | 240 |
| Spirit Walker | 1 | 195 | / | 35 |
| Demolisher | 18 | 3960 | / | 900 |
| Tauren | 2 | 560 | / | 160 |
| Kodo Beast | 1 | 255 | / | 60 |
| total: | 48 | 8925g | / | 1395w |
| Watch Tower | 2 | 220 | / | 160 |
| Altar of Storms | 1 | 180 | / | 50 |
| Orc Burrow | 6 | 960 | / | 240 |
| Barracks | 3 | 540 | / | 150 |
| Voodoo Lounge | 1 | 130 | / | 30 |
| War Mill | 2 | 410 | / | 0 |
| Great Hall | 1 | 385 | / | 185 |
| Beastiary | 1 | 145 | / | 140 |
| Tauren Totem | 1 | 135 | / | 155 |
| Stronghold | 1 | 315 | / | 190 |
| Fortress | 1 | 325 | / | 190 |
| total: | 18 | 3105g | / | 1110w |
| 0:03 | Altar of Storms |
| 0:05 | Orc Burrow |
| 0:05 | Peon |
| 0:16 | Peon |
| 0:34 | Peon |
| 0:41 | Barracks |
| 0:51 | Peon |
| 1:03 | Peon |
| 1:16 | Peon |
| 1:25 | Orc Burrow |
| 1:27 | Peon |
| 1:45 | Grunt |
| 1:48 | Peon |
| 2:08 | Wind Walk |
| 2:16 | Voodoo Lounge |
| 2:28 | Grunt |
| 2:30 | Peon |
| 3:06 | Grunt |
| 3:21 | Stronghold |
| 3:47 | War Mill |
| 4:07 | Grunt |
| 4:18 | Critical Strike |
| 4:28 | Grunt |
| 4:40 | Healing Salve |
| 4:52 | Orc Burrow |
| 4:57 | Orc Burrow |
| 5:35 | Grunt |
| 5:53 | Beastiary |
| 5:55 | Tauren Totem |
| 6:00 | Berserker Strength |
| 6:01 | Steel Melee Weapons |
| 6:10 | Healing Salve |
| 6:28 | Grunt |
| 6:51 | Critical Strike |
| 7:08 | Grunt |
| 7:16 | Grunt |
| 7:19 | Ensnare |
| 8:05 | Grunt |
| 8:25 | Grunt |
| 8:52 | Raider |
| 8:53 | Raider |
| 8:55 | Spirit Walker |
| 9:01 | Fortress |
| 10:00 | Orc Burrow |
| 10:01 | Orc Burrow |
| 10:40 | Thorium Melee Weapons |
| 10:55 | Wind Walk |
| 11:25 | Raider |
| 11:25 | Raider |
| 11:53 | War Mill |
| 12:23 | Dust of Appearance |
| 13:08 | Arcanite Melee Weapons |
| 13:11 | Demolisher |
| 13:12 | Demolisher |
| 13:16 | Demolisher |
| 13:18 | Burning Oil |
| 13:19 | Demolisher |
| 13:19 | Demolisher |
| 13:42 | Great Hall |
| 14:20 | Raider |
| 14:20 | Raider |
| 14:21 | Pulverize |
| 14:22 | Tauren |
| 14:26 | Steel Armor |
| 16:39 | Demolisher |
| 17:10 | Demolisher |
| 17:11 | Demolisher |
| 18:11 | Demolisher |
| 18:19 | Barracks |
| 20:37 | Thorium Armor |
| 20:38 | Steel Ranged Weapons |
| 21:51 | Kodo Beast |
| 21:56 | Demolisher |
| 22:01 | Demolisher |
| 22:04 | Tauren |
| 22:08 | Arcanite Armor |
| 22:09 | Thorium Ranged Weapons |
| 22:31 | Barracks |
| 22:40 | Demolisher |
| 22:41 | Demolisher |
| 22:53 | Watch Tower |
| 24:32 | Demolisher |
| 24:32 | Demolisher |
| 25:08 | Watch Tower |
| 26:16 | Demolisher |
| 26:16 | Demolisher |
| 26:16 | Demolisher |
| Right click | 2064 |
| Select | 359 |
| Select group | 237 |
| Chat | 218 |
| Build/train/purchase | 114 |
| Assign group | 51 |
| Misc. action | 22 |
| Use ability | 15 |
| Remove unit | 6 |
| Item give/drop | 2 |
| Minimap ping | 2 |


| Healing Salve | 3 | 300 |
| total: | 3 | 300g |
| Peon | 9 | 675 | / | 0 |
| Grunt | 8 | 1600 | / | 0 |
| Demolisher | 5 | 1100 | / | 250 |
| Raider | 16 | 2880 | / | 640 |
| Kodo Beast | 2 | 510 | / | 120 |
| Tauren | 5 | 1400 | / | 400 |
| total: | 45 | 8165g | / | 1410w |
| Altar of Storms | 1 | 180 | / | 50 |
| Orc Burrow | 8 | 1280 | / | 320 |
| Barracks | 1 | 180 | / | 50 |
| Voodoo Lounge | 1 | 130 | / | 30 |
| War Mill | 1 | 205 | / | 0 |
| Great Hall | 1 | 385 | / | 185 |
| Beastiary | 2 | 290 | / | 280 |
| Tauren Totem | 1 | 135 | / | 155 |
| Stronghold | 1 | 315 | / | 190 |
| Fortress | 1 | 325 | / | 190 |
| total: | 16 | 2785g | / | 1070w |
| 0:07 | Altar of Storms |
| 0:09 | Peon |
| 0:09 | Peon |
| 0:12 | Orc Burrow |
| 0:38 | Peon |
| 0:47 | Peon |
| 0:58 | Barracks |
| 1:01 | Peon |
| 1:17 | Peon |
| 1:28 | Orc Burrow |
| 1:43 | Peon |
| 2:06 | Grunt |
| 2:08 | Grunt |
| 2:22 | Voodoo Lounge |
| 2:40 | Grunt |
| 2:48 | Feral Spirit |
| 3:54 | Stronghold |
| 3:55 | Grunt |
| 3:56 | Grunt |
| 4:17 | Orc Burrow |
| 4:25 | Chain Lighting |
| 4:33 | War Mill |
| 4:50 | Healing Salve |
| 5:57 | Orc Burrow |
| 6:00 | Grunt |
| 6:00 | Grunt |
| 6:07 | Steel Melee Weapons |
| 6:07 | Steel Armor |
| 6:15 | Healing Salve |
| 6:28 | Peon |
| 7:22 | Feral Spirit |
| 7:42 | Beastiary |
| 7:55 | Grunt |
| 7:57 | Berserker Strength |
| 7:57 | Demolisher |
| 8:41 | War Stomp |
| 8:58 | Tauren Totem |
| 9:00 | Raider |
| 9:00 | Ensnare |
| 9:00 | Raider |
| 9:10 | Orc Burrow |
| 10:03 | Raider |
| 10:04 | Kodo Beast |
| 10:27 | Endurance Aura |
| 10:51 | Chain Lighting |
| 10:55 | Orc Burrow |
| 10:57 | Fortress |
| 11:31 | Orc Burrow |
| 11:48 | Demolisher |
| 11:58 | Orc Burrow |
| 13:22 | Burning Oil |
| 13:24 | Demolisher |
| 13:25 | Demolisher |
| 14:24 | Demolisher |
| 15:14 | Raider |
| 15:15 | Raider |
| 15:15 | Raider |
| 15:40 | Raider |
| 17:24 | Raider |
| 17:24 | Raider |
| 17:24 | Raider |
| 17:25 | Raider |
| 17:56 | Beastiary |
| 18:24 | Tauren |
| 18:25 | Pulverize |
| 18:26 | Tauren |
| 19:43 | Raider |
| 20:15 | Great Hall |
| 20:29 | Healing Salve |
| 21:13 | Kodo Beast |
| 21:38 | Thorium Melee Weapons |
| 22:49 | Tauren |
| 22:50 | Tauren |
| 23:06 | Peon |
| 25:44 | Raider |
| 25:44 | Raider |
| 25:44 | Raider |
| 25:45 | Raider |
| 25:53 | Tauren |
| Right click | 1129 |
| Select | 290 |
| Build/train/purchase | 83 |
| Use ability | 43 |
| Assign group | 12 |
| Select group | 8 |
| Misc. action | 1 |
| Remove unit | 1 |
| Esc | 1 |



| Healing Salve | 4 | 400 |
| Potion of Mana | 1 | 200 |
| total: | 5 | 600g |
| Peon | 21 | 1575 | / | 0 |
| Grunt | 8 | 1600 | / | 0 |
| Raider | 9 | 1620 | / | 360 |
| Demolisher | 3 | 660 | / | 150 |
| Wind Rider | 9 | 2385 | / | 360 |
| total: | 50 | 7840g | / | 870w |
| Altar of Storms | 1 | 180 | / | 50 |
| Orc Burrow | 8 | 1280 | / | 320 |
| Barracks | 1 | 180 | / | 50 |
| Voodoo Lounge | 1 | 130 | / | 30 |
| War Mill | 1 | 205 | / | 0 |
| Great Hall | 2 | 770 | / | 370 |
| Beastiary | 2 | 290 | / | 280 |
| Tauren Totem | 1 | 135 | / | 155 |
| Stronghold | 1 | 315 | / | 190 |
| Fortress | 1 | 325 | / | 190 |
| total: | 17 | 3170g | / | 1255w |
| 0:11 | Altar of Storms |
| 0:15 | Peon |
| 0:15 | Peon |
| 0:26 | Orc Burrow |
| 0:47 | Barracks |
| 0:57 | Peon |
| 1:31 | Orc Burrow |
| 1:37 | Peon |
| 1:37 | Peon |
| 1:52 | Grunt |
| 2:15 | Grunt |
| 2:22 | Critical Strike |
| 3:04 | Grunt |
| 3:06 | Grunt |
| 3:37 | Wind Walk |
| 3:49 | Voodoo Lounge |
| 3:54 | Peon |
| 4:06 | War Mill |
| 4:18 | Stronghold |
| 4:32 | Orc Burrow |
| 4:59 | Healing Salve |
| 6:03 | Grunt |
| 6:11 | Healing Salve |
| 6:23 | Steel Armor |
| 6:24 | Steel Melee Weapons |
| 6:35 | Great Hall |
| 6:46 | Beastiary |
| 6:52 | Critical Strike |
| 7:21 | Grunt |
| 7:21 | Grunt |
| 7:22 | Grunt |
| 8:32 | Tauren Totem |
| 8:39 | Peon |
| 8:39 | Peon |
| 9:26 | Orc Burrow |
| 9:45 | Healing Salve |
| 9:46 | Potion of Mana |
| 9:58 | Great Hall |
| 11:49 | Spirit Walker Adept Training |
| 11:51 | Ensnare |
| 11:55 | Orc Burrow |
| 12:55 | Orc Burrow |
| 12:58 | Peon |
| 12:58 | Peon |
| 12:59 | Peon |
| 12:59 | Peon |
| 13:02 | Thorium Melee Weapons |
| 13:06 | Peon |
| 13:06 | Peon |
| 13:07 | Peon |
| 13:16 | Raider |
| 13:16 | Raider |
| 13:17 | Raider |
| 13:29 | Demolisher |
| 13:29 | Demolisher |
| 13:52 | Healing Salve |
| 14:19 | Peon |
| 14:19 | Peon |
| 14:29 | Orc Burrow |
| 14:31 | Spiked Barricades |
| 14:45 | Raider |
| 14:59 | Fortress |
| 15:09 | Raider |
| 15:38 | Orc Burrow |
| 15:56 | Demolisher |
| 16:07 | Steel Ranged Weapons |
| 17:49 | Thorium Ranged Weapons |
| 17:50 | Arcanite Melee Weapons |
| 17:58 | Healing Wave |
| 18:59 | Raider |
| 18:59 | Raider |
| 18:59 | Raider |
| 18:59 | Raider |
| 19:12 | Beastiary |
| 20:27 | Arcanite Ranged Weapons |
| 20:27 | Thorium Armor |
| 20:40 | Peon |
| 20:40 | Peon |
| 21:04 | Wind Rider |
| 21:04 | Wind Rider |
| 21:04 | Wind Rider |
| 21:58 | Wind Rider |
| 21:58 | Wind Rider |
| 21:58 | Wind Rider |
| 21:58 | Wind Rider |
| 22:05 | Peon |
| 22:05 | Peon |
| 24:29 | Shockwave |
| 24:48 | Envenomed Spears |
| 24:51 | Pulverize |
| 24:54 | Liquid Fire |
| 24:54 | War Drums Damage Increase |
| 25:09 | Berserker Strength |
| 25:09 | Troll Regeneration |
| 25:10 | Burning Oil |
| 25:59 | Arcanite Armor |
| 26:03 | Wind Rider |
| 26:06 | Wind Rider |
| Right click | 679 |
| Select | 314 |
| Build/train/purchase | 107 |
| Misc. action | 68 |
| Use ability | 34 |
| Remove unit | 1 |